Montreal Canadiens vs New York Rangers
(R1)
Created - Sunday, December 17, 2023 at 07:16
Goals
|
| Montreal Canadiens |
2 |
1 |
2 |
5 |
| New York Rangers |
0 |
1 |
2 |
3 |
|
Shots
|
| Montreal Canadiens |
6 |
22 |
9 |
37 |
| New York Rangers |
7 |
16 |
12 |
35 |
|
1st period
1. Montreal Canadiens , Dylan Larkin 33 (Jonathan Marchessault 16, Damon Severson 17) at 10:26
2. Montreal Canadiens , Filip Forsberg 20 (Patrik Laine 38, Sidney Crosby 60) at 10:40
Penalties :
Patrik Laine (MTL) for Slashing (Double Minor) at 14:43
2nd period
3. New York Rangers , Artemi Panarin 39 (Nathan MacKinnon 52, Mathew Barzal 42) at 7:18
4. Montreal Canadiens , Filip Forsberg 21 (Patrik Laine 39, Sidney Crosby 61) at 11:52
Penalties :
No Penalty
3rd period
5. New York Rangers , Andre Burakovsky 27 (Pierre-Luc Dubois 42, Artemi Panarin 44) at 1:46 (PP)
6. Montreal Canadiens , Patrik Laine 22 (Adam Fox 50, Christian Fischer 8) at 7:00
7. Montreal Canadiens , Vladislav Namestnikov 5 (Tyler Myers 8, Dylan Larkin 43) at 15:56
8. New York Rangers , Artemi Panarin 40 (Nathan MacKinnon 53, Pierre-Luc Dubois 43) at 16:52 (PP)
Penalties :
Jack Johnson (MTL) for High sticking (Minor) at 1:09, Filip Hronek (MTL) for Hooking (Minor) at 4:44, Filip Forsberg (MTL) for Tripping (Minor) at 10:06, Filip Hronek (MTL) for Boarding (Minor) at 16:19
Goalie Stats
David Rittich (MTL), 32 saves from 35 shots - (0.914), W, 14-13-2, 60:00 minutes
Igor Shesterkin (NYR), 32 saves from 37 shots - (0.865), L, 46-10-8, 60:00 minutes
Players Stats for Montreal Canadiens
Player Name G A P +/- PIM S H SB GA TA FO MP PP MP PK MP
------------------------------------------------------------------------------------
Adam Fox 0 1 1 3 0 5 0 5 0 0 0/0 27:44 0:00 4:04
Brady Skjei 0 0 0 0 0 0 1 2 0 2 0/0 21:52 0:00 5:07
Christian Fischer 0 1 1 0 0 1 0 0 0 1 5/7 15:20 0:00 4:06
Damon Severson 0 1 1 1 0 1 0 1 0 0 0/0 11:01 0:00 0:33
Dylan Larkin 1 1 2 0 0 6 1 1 2 0 12/20 18:47 0:00 3:54
Evgeni Dadonov 0 0 0 0 0 2 1 0 0 0 0/1 11:49 0:00 0:58
Filip Forsberg 2 0 2 3 2 4 1 0 0 0 0/0 18:27 0:00 0:00
Filip Hronek 0 0 0 2 4 0 4 0 1 1 0/0 24:23 0:00 0:29
Jack Johnson 0 0 0 2 2 1 0 0 0 1 0/0 13:55 0:00 3:39
Jake Evans 0 0 0 1 0 0 1 0 0 0 1/3 11:21 0:00 4:06
Jonathan Marchessault 0 1 1 0 0 2 1 1 1 0 0/1 14:56 0:00 0:09
Martin Necas 0 0 0 0 0 2 0 0 0 0 0/0 14:36 0:00 0:00
Patrik Laine 1 2 3 3 4 7 2 0 0 1 2/3 18:10 0:00 0:00
Sidney Crosby 0 2 2 3 0 3 3 0 0 0 11/24 21:45 0:00 3:54
Tomas Nosek 0 0 0 1 0 0 0 0 0 0 0/0 6:41 0:00 0:00
Tyler Myers 0 1 1 0 0 1 0 2 0 3 0/0 21:13 0:00 4:22
Tyson Jost 0 0 0 0 0 0 2 0 0 0 0/0 11:19 0:00 0:19
Vladislav Namestnikov 1 0 1 1 0 2 2 0 0 0 0/3 7:29 0:00 0:48
Players Stats for New York Rangers
Player Name G A P +/- PIM S H SB GA TA FO MP PP MP PK MP
------------------------------------------------------------------------------------
Adam Larsson 0 0 0 -1 0 2 2 2 0 1 0/0 23:04 5:22 0:00
Andre Burakovsky 1 0 1 0 0 4 0 0 0 0 2/3 14:53 3:22 0:00
Artemi Panarin 2 1 3 -2 0 5 1 1 2 0 1/1 20:55 4:09 0:00
Cam Fowler 0 0 0 0 0 1 0 2 0 0 0/0 17:54 0:33 0:00
Cole Caufield 0 0 0 0 0 1 0 0 1 0 0/0 16:00 0:58 0:00
Conor Garland 0 0 0 -2 0 2 0 0 0 0 0/0 7:27 0:13 0:00
David Kampf 0 0 0 -1 0 0 0 0 0 0 0/2 11:14 4:02 0:00
Dmitry Kulikov 0 0 0 -2 0 1 1 2 0 1 0/0 16:38 0:00 0:00
Filip Chytil 0 0 0 0 0 3 1 1 0 0 3/9 12:39 0:23 0:00
Gabriel Landeskog 0 0 0 0 0 4 2 0 2 0 0/1 15:52 4:01 0:00
Jake McCabe 0 0 0 -1 0 0 3 1 0 0 0/0 16:33 0:00 0:00
Mark Giordano 0 0 0 -2 0 0 1 1 0 0 0/0 20:00 3:22 0:00
Mathew Barzal 0 1 1 -3 0 1 0 0 1 0 0/1 22:34 5:18 0:00
Matthew Benning 0 0 0 -1 0 0 2 2 0 0 0/0 17:21 0:48 0:00
Mikael Granlund 0 0 0 0 0 3 1 1 1 0 3/5 18:51 4:04 0:00
Nathan MacKinnon 0 2 2 -2 0 5 2 0 1 0 13/29 21:28 4:10 0:00
Pierre-Luc Dubois 0 2 2 -1 0 1 2 2 1 2 9/11 18:39 4:09 0:00
Tyler Motte 0 0 0 -2 0 2 1 0 0 0 0/0 7:58 0:41 0:00
3 Stars
1 - Filip Forsberg (MTL)
2 - Patrik Laine (MTL)
3 - Sidney Crosby (MTL)
Power Play
Montreal Canadiens - 0 on 0 Attempt(s) - 0.00%
New York Rangers - 2 on 6 Attempt(s) - 33.33%
Penalty Kill
Montreal Canadiens - 4 on 6 Attempt(s) - 66.67%
- Score 0 goal in Penalty Kill
New York Rangers - 0 on 0 Attempt(s) - 0.00%
- Score 0 goal in Penalty Kill
Team Stat
Montreal Canadiens - Hits : 19 - Faceoff Wins : 31 - Blocked Shots : 12 - Penalty Minutes : 12
New York Rangers - Hits : 19 - Faceoff Wins : 31 - Blocked Shots : 15 - Penalty Minutes : 0
Official
Referees : Rob Martell and Chris Rooney
Linesman : Andy McElman and Steve Miller
Game Notes
No Game Note
Finance
Level 1 -- Attendance: 4984 (83.07%) -- Ticket Income $508,368
Level 2 -- Attendance: 4039 (80.78%) -- Ticket Income $254,457
Level 3 -- Attendance: 2083 (69.43%) -- Ticket Income $85,403
Level 4 -- Attendance: 3560 (71.20%) -- Ticket Income $99,680
Luxury Box -- Attendance: 764 (76.40%) -- Ticket Income $148,980
Game was played at the Madison Square Garden.
Total Attendance: 15430 (77.15%)
Total Ticket Income: $1,096,888
Other Income: $383,911
Total Income: $1,480,799
Montreal Canadiens
5 vs 5 Forward
Center Left Wing Right Wing Time % Phy DF OF
1 Sidney Crosby Filip Forsberg Patrik Laine 39 1 2 2
2 Dylan Larkin Martin Necas Jonathan Marchessault 30 1 2 2
3 Christian Fischer Tyson Jost Evgeni Dadonov 20 1 2 2
4 Vladislav Namestnikov Jake Evans Tomas Nosek 11 1 2 2
5 vs 5 Defense
Defense Defense Time % Phy DF OF
1 Adam Fox Filip Hronek 37 1 2 2
2 Brady Skjei Tyler Myers 30 1 2 2
3 Damon Severson Jack Johnson 18 1 4 0
4 Adam Fox Filip Hronek 15 1 2 2
PowerPlay Forward
Center Left Wing Right Wing Time % Phy DF OF
1 Sidney Crosby Dylan Larkin Filip Forsberg 65 0 1 4
2 Martin Necas Patrik Laine Christian Fischer 35 0 1 4
PowerPlay Defense
Defense Defense Time % Phy DF OF
1 Adam Fox Filip Hronek 70 0 1 4
2 Brady Skjei Damon Severson 30 0 1 4
Penalty Kill 4 Players Forward
Center Wing Time % Phy DF OF
1 Dylan Larkin Sidney Crosby 50 1 3 1
2 Jake Evans Christian Fischer 50 1 3 1
Penalty Kill 4 Players Defense
Defense Defense Time % Phy DF OF
1 Jack Johnson Adam Fox 50 1 3 1
2 Tyler Myers Brady Skjei 50 1 3 1
Penalty Kill - 3 Players Forward
Forward Time % Phy DF OF
1 Dylan Larkin 50 1 4 0
2 Sidney Crosby 50 1 4 0
Penalty Kill - 3 Players Defense
Defense Defense Time % Phy DF OF
1 Jack Johnson Adam Fox 50 1 4 0
2 Filip Hronek Tyler Myers 50 1 4 0
4 vs 4 Forward
Center Wing Time % Phy DF OF
1 Sidney Crosby Patrik Laine 60 1 1 3
2 Dylan Larkin Martin Necas 40 1 1 3
4 vs 4 Defense
Defense Defense Time % Phy DF OF
1 Adam Fox Tyler Myers 55 1 2 2
2 Damon Severson Brady Skjei 45 1 2 2
Last Minutes Offensive
Center Left Wing Right Wing Defense Defense
Sidney Crosby Dylan Larkin Filip Forsberg Adam Fox Filip Hronek
Last Minutes Defensive
Center Left Wing Right Wing Defense Defense
Sidney Crosby Dylan Larkin Filip Forsberg Adam Fox Filip Hronek
Goaltenders
Starting : David Rittich
Backup : Jacob Markstrom
Extra Forwards
Normal : Patrik Laine, Sidney Crosby, Dylan Larkin - PP : Dylan Larkin, Patrik Laine - PK : Vladislav Namestnikov
Extra Defensemen
Normal : Filip Hronek, Damon Severson, Adam Fox - PP : Filip Hronek - PK : Brady Skjei, Adam Fox
Penalty Shots
Martin Necas, Sidney Crosby, Dylan Larkin, Christian Fischer, Patrik Laine
New York Rangers
5 vs 5 Forward
Center Left Wing Right Wing Time % Phy DF OF
1 Nathan MacKinnon Artemi Panarin Mathew Barzal 35 0 1 4
2 Pierre-Luc Dubois Cole Caufield Mikael Granlund 30 1 1 3
3 Filip Chytil Andre Burakovsky Gabriel Landeskog 23 1 2 2
4 David Kampf Conor Garland Tyler Motte 12 1 3 1
5 vs 5 Defense
Defense Defense Time % Phy DF OF
1 Cam Fowler Adam Larsson 35 1 2 2
2 Dmitry Kulikov Mark Giordano 33 1 2 2
3 Matthew Benning Jake McCabe 32 1 2 2
4 Cam Fowler Adam Larsson 0 1 2 2
PowerPlay Forward
Center Left Wing Right Wing Time % Phy DF OF
1 Pierre-Luc Dubois Nathan MacKinnon Artemi Panarin 50 0 1 4
2 Mikael Granlund Gabriel Landeskog David Kampf 50 0 1 4
PowerPlay Defense
Defense Defense Time % Phy DF OF
1 Mathew Barzal Adam Larsson 60 1 1 3
2 Andre Burakovsky Mark Giordano 40 1 1 3
Penalty Kill 4 Players Forward
Center Wing Time % Phy DF OF
1 David Kampf Tyler Motte 50 1 3 1
2 Mikael Granlund Conor Garland 50 1 3 1
Penalty Kill 4 Players Defense
Defense Defense Time % Phy DF OF
1 Matthew Benning Dmitry Kulikov 50 1 3 1
2 Adam Larsson Mark Giordano 50 1 3 1
Penalty Kill - 3 Players Forward
Forward Time % Phy DF OF
1 Mikael Granlund 50 1 2 2
2 David Kampf 50 1 2 2
Penalty Kill - 3 Players Defense
Defense Defense Time % Phy DF OF
1 Matthew Benning Dmitry Kulikov 50 1 3 1
2 Adam Larsson Mark Giordano 50 1 3 1
4 vs 4 Forward
Center Wing Time % Phy DF OF
1 Nathan MacKinnon Artemi Panarin 50 0 2 3
2 Pierre-Luc Dubois Mathew Barzal 50 0 2 3
4 vs 4 Defense
Defense Defense Time % Phy DF OF
1 Cam Fowler Adam Larsson 50 1 2 2
2 Dmitry Kulikov Mark Giordano 50 1 2 2
Last Minutes Offensive
Center Left Wing Right Wing Defense Defense
Nathan MacKinnon Artemi Panarin Pierre-Luc Dubois Cam Fowler Adam Larsson
Last Minutes Defensive
Center Left Wing Right Wing Defense Defense
David Kampf Tyler Motte Mikael Granlund Dmitry Kulikov Adam Larsson
Goaltenders
Starting : Igor Shesterkin
Backup : Tristan Jarry
Extra Forwards
Normal : Nathan MacKinnon, Pierre-Luc Dubois, Gabriel Landeskog - PP : Gabriel Landeskog, Nathan MacKinnon - PK : David Kampf
Extra Defensemen
Normal : Matthew Benning, Jake McCabe, Dmitry Kulikov - PP : Matthew Benning - PK : Jake McCabe, Dmitry Kulikov
Penalty Shots
Artemi Panarin, Mikael Granlund, Pierre-Luc Dubois, Mark Giordano, Nathan MacKinnon
% Time on Ice - Montreal Canadiens
Lines # - Real PCT - Wanted PCT - Time Play
Normal Forward
1 - 36% - 39% - 18:22
2 - 30% - 30% - 15:10
3 - 21% - 20% - 10:40
4 - 13% - 11% - 6:41
Normal Defense
1 - 36% - 37% - 18:30
2 - 33% - 30% - 16:51
3 - 20% - 18% - 10:00
4 - 11% - 15% - 5:32
PP Forward
1 - 0% - 65%
2 - 0% - 35%
PP Defense
1 - 0% - 70%
2 - 0% - 30%
PK Forward
1 - 50% - 50% - 4:35
2 - 50% - 50% - 4:32
PK Defense
1 - 56% - 50% - 5:04
2 - 44% - 50% - 4:03
PK3 Forward
1 - 0% - 50%
2 - 0% - 50%
PK3 Defense
1 - 0% - 50%
2 - 0% - 50%
44 Forward
1 - 0% - 60%
2 - 0% - 40%
44 Defense
1 - 0% - 55%
2 - 0% - 45%
Last Minute Offensive - 0:00
Last Minute Defensive - 0:00
Total
Forward - 60:00
Defense - 60:00
|
% Time on Ice - New York Rangers
Lines # - Real PCT - Wanted PCT - Time Play
Normal Forward
1 - 34% - 35% - 17:09
2 - 29% - 30% - 14:59
3 - 23% - 23% - 11:31
4 - 14% - 12% - 7:14
Normal Defense
1 - 35% - 35% - 17:42
2 - 33% - 33% - 16:38
3 - 33% - 32% - 16:33
4 - 0% - 0% - 0:00
PP Forward
1 - 53% - 50% - 4:50
2 - 47% - 50% - 4:17
PP Defense
1 - 63% - 60% - 5:45
2 - 37% - 40% - 3:22
PK Forward
1 - 0% - 50%
2 - 0% - 50%
PK Defense
1 - 0% - 50%
2 - 0% - 50%
PK3 Forward
1 - 0% - 50%
2 - 0% - 50%
PK3 Defense
1 - 0% - 50%
2 - 0% - 50%
44 Forward
1 - 0% - 50%
2 - 0% - 50%
44 Defense
1 - 0% - 50%
2 - 0% - 50%
Last Minute Offensive - 0:00
Last Minute Defensive - 0:00
Total
Forward - 60:00
Defense - 60:00
|
Play-by-Play
1st period
0:01 of 1st period - Sidney Crosby wins face-off versus Nathan MacKinnon in neutral zone.
0:10 of 1st period - Snap shot by Filip Forsberg.
0:10 of 1st period - Shot Blocked by Cam Fowler.
0:12 of 1st period - Slapshot by Adam Fox.
0:12 of 1st period - Deflect By Sidney Crosby.
0:12 of 1st period - Shot Misses the Net.
0:12 of 1st period - Puck is out of play.
0:13 of 1st period - Pierre-Luc Dubois wins face-off versus Dylan Larkin in New York Rangers zone.
0:40 of 1st period - Dmitry Kulikov is hit by Vladislav Namestnikov and loses puck.
0:53 of 1st period - Tyler Myers is hit by Gabriel Landeskog and loses puck.
1:09 of 1st period - Slapshot by Sidney Crosby.
1:09 of 1st period - Shot Misses the Net.
1:27 of 1st period - Filip Hronek is hit by Jake McCabe and loses puck.
1:50 of 1st period - Icing by Jonathan Marchessault.
1:51 of 1st period - Mikael Granlund wins face-off versus Dylan Larkin in Montreal Canadiens zone.
2:22 of 1st period - Snap shot by Martin Necas.
2:22 of 1st period - Shot Blocked by Cam Fowler.
2:24 of 1st period - Wrist shot by Dylan Larkin.
2:24 of 1st period - Shot Misses the Net.
2:26 of 1st period - Wrist shot by Filip Hronek.
2:26 of 1st period - Shot Blocked by Pierre-Luc Dubois.
2:36 of 1st period - Wrist shot by Dylan Larkin.
2:36 of 1st period - Stopped by Igor Shesterkin with a rebound.
2:40 of 1st period - Wrist shot by Dylan Larkin.
2:40 of 1st period - Deflect By Pierre-Luc Dubois.
2:40 of 1st period - Shot Blocked by Adam Larsson.
2:40 of 1st period - Puck is out of play.
2:41 of 1st period - Sidney Crosby wins face-off versus Nathan MacKinnon in New York Rangers zone.
2:58 of 1st period - Snap shot by Patrik Laine.
2:58 of 1st period - Stopped by Igor Shesterkin without a rebound.
2:59 of 1st period - Filip Chytil wins face-off versus Christian Fischer in New York Rangers zone.
2:59 of 1st period - Filip Chytil is hit by Tyson Jost.
3:11 of 1st period - Snap shot by Gabriel Landeskog.
3:11 of 1st period - Shot Misses the Net.
3:32 of 1st period - Snap shot by Artemi Panarin.
3:32 of 1st period - Shot Misses the Net.
3:34 of 1st period - Snap shot by Nathan MacKinnon.
3:34 of 1st period - Shot Misses the Net.
3:36 of 1st period - Slapshot by Adam Larsson.
3:36 of 1st period - Stopped by David Rittich with a rebound.
4:14 of 1st period - Snap shot by Cole Caufield.
4:14 of 1st period - Stopped by David Rittich with a rebound.
4:32 of 1st period - Slapshot by Adam Fox.
4:32 of 1st period - Shot Misses the Net.
4:40 of 1st period - Wrist shot by Patrik Laine.
4:40 of 1st period - Shot Misses the Net.
4:57 of 1st period - Slapshot by Artemi Panarin.
4:57 of 1st period - Stopped by David Rittich without a rebound.
4:58 of 1st period - Nathan MacKinnon wins face-off versus Sidney Crosby in Montreal Canadiens zone.
5:49 of 1st period - Snap shot by Pierre-Luc Dubois.
5:49 of 1st period - Shot Blocked by Adam Fox.
5:51 of 1st period - Slapshot by Dmitry Kulikov.
5:51 of 1st period - Stopped by David Rittich with a rebound.
5:53 of 1st period - Slapshot by Dmitry Kulikov.
5:53 of 1st period - Shot Misses the Net.
6:07 of 1st period - Wrist shot by Artemi Panarin.
6:07 of 1st period - Stopped by David Rittich without a rebound.
6:08 of 1st period - Nathan MacKinnon wins face-off versus Vladislav Namestnikov in Montreal Canadiens zone.
7:06 of 1st period - Snap shot by Christian Fischer.
7:06 of 1st period - Shot Misses the Net.
8:28 of 1st period - Snap shot by Tyler Motte.
8:28 of 1st period - Deflect By Tyler Myers.
8:28 of 1st period - Stopped by David Rittich without a rebound.
8:29 of 1st period - Nathan MacKinnon wins face-off versus Sidney Crosby in Montreal Canadiens zone.
8:58 of 1st period - Slapshot by Nathan MacKinnon.
8:58 of 1st period - Stopped by David Rittich with a rebound.
9:02 of 1st period - Wrist shot by Pierre-Luc Dubois.
9:02 of 1st period - Shot Misses the Net.
9:04 of 1st period - Snap shot by Mark Giordano.
9:04 of 1st period - Shot Misses the Net.
10:18 of 1st period - Wrist shot by Martin Necas.
10:18 of 1st period - Shot Blocked by Jake McCabe.
10:20 of 1st period - Slapshot by Damon Severson.
10:20 of 1st period - Shot Blocked by Matthew Benning.
10:22 of 1st period - Slapshot by Jonathan Marchessault.
10:22 of 1st period - Deflect By Dylan Larkin.
10:22 of 1st period - Stopped by Igor Shesterkin with a rebound.
10:24 of 1st period - Snap shot by Dylan Larkin.
10:24 of 1st period - Shot Misses the Net.
10:26 of 1st period - Snap shot by Dylan Larkin.
10:26 of 1st period - Goal by Dylan Larkin - Montreal Canadiens : 1 - New York Rangers : 0.
10:27 of 1st period - Sidney Crosby wins face-off versus Nathan MacKinnon in neutral zone.
10:38 of 1st period - Snap shot by Patrik Laine.
10:38 of 1st period - Stopped by Igor Shesterkin with a rebound.
10:40 of 1st period - Slapshot by Filip Forsberg.
10:40 of 1st period - Goal by Filip Forsberg - Montreal Canadiens : 2 - New York Rangers : 0.
10:41 of 1st period - Sidney Crosby wins face-off versus Nathan MacKinnon in neutral zone.
11:09 of 1st period - Dylan Larkin is hit by Jake McCabe and loses puck.
11:50 of 1st period - Slapshot by Gabriel Landeskog.
11:50 of 1st period - Shot Misses the Net.
12:21 of 1st period - Wrist shot by Patrik Laine.
12:21 of 1st period - Shot Misses the Net.
12:31 of 1st period - Wrist shot by Nathan MacKinnon.
12:31 of 1st period - Shot Blocked by Jonathan Marchessault.
12:58 of 1st period - Wrist shot by Gabriel Landeskog.
12:58 of 1st period - Shot Misses the Net.
13:00 of 1st period - Snap shot by Gabriel Landeskog.
13:00 of 1st period - Shot Blocked by Adam Fox.
13:35 of 1st period - Mathew Barzal is hit by Filip Hronek.
14:33 of 1st period - Gabriel Landeskog is hit by Sidney Crosby and loses puck.
14:43 of 1st period - Double Minor Penalty to Patrik Laine for Slashing.
14:44 of 1st period - Dylan Larkin wins face-off versus Pierre-Luc Dubois in Montreal Canadiens zone.
16:25 of 1st period - Christian Fischer is hit by Gabriel Landeskog and loses puck.
17:53 of 1st period - Damon Severson is hit by Adam Larsson and loses puck.
18:42 of 1st period - Artemi Panarin is hit by Dylan Larkin.
18:43 of 1st period - Penalty to Patrik Laine is over, Patrik Laine is back on ice.
18:52 of 1st period - Conor Garland is hit by Filip Hronek and loses puck.
19:14 of 1st period - David Kampf is hit by Jonathan Marchessault and loses puck.
Goals for this period are 2 for Montreal Canadiens vs 0 for New York Rangers.
Shots for this period are 6 for Montreal Canadiens vs 7 for New York Rangers.
2nd period
0:01 of 2nd period - Sidney Crosby wins face-off versus Nathan MacKinnon in neutral zone.
0:08 of 2nd period - Wrist shot by Mathew Barzal.
0:08 of 2nd period - Stopped by David Rittich with a rebound.
0:10 of 2nd period - Wrist shot by Artemi Panarin.
0:10 of 2nd period - Shot Misses the Net.
0:26 of 2nd period - Filip Hronek is hit by Mikael Granlund.
0:30 of 2nd period - Backhand shot by Adam Fox.
0:30 of 2nd period - Shot Blocked by Mikael Granlund.
0:32 of 2nd period - Slapshot by Tyler Myers.
0:32 of 2nd period - Shot Misses the Net.
0:34 of 2nd period - Snap shot by Jonathan Marchessault.
0:34 of 2nd period - Shot Misses the Net.
0:36 of 2nd period - Backhand shot by Tyler Myers.
0:36 of 2nd period - Stopped by Igor Shesterkin without a rebound.
0:37 of 2nd period - Pierre-Luc Dubois wins face-off versus Patrik Laine in New York Rangers zone.
0:47 of 2nd period - Icing by Sidney Crosby.
0:48 of 2nd period - Nathan MacKinnon wins face-off versus Sidney Crosby in Montreal Canadiens zone.
1:19 of 2nd period - Cam Fowler is hit by Filip Hronek and loses puck.
1:38 of 2nd period - Snap shot by Sidney Crosby.
1:38 of 2nd period - Stopped by Igor Shesterkin with a rebound.
2:02 of 2nd period - Slapshot by Gabriel Landeskog.
2:02 of 2nd period - Shot Misses the Net.
2:04 of 2nd period - Slapshot by Adam Larsson.
2:04 of 2nd period - Deflect By Patrik Laine.
2:04 of 2nd period - Stopped by David Rittich with a rebound.
2:06 of 2nd period - Wrist shot by Gabriel Landeskog.
2:06 of 2nd period - Stopped by David Rittich with a rebound.
2:08 of 2nd period - Snap shot by Andre Burakovsky.
2:08 of 2nd period - Shot Misses the Net.
2:10 of 2nd period - Wrist shot by Andre Burakovsky.
2:10 of 2nd period - Stopped by David Rittich without a rebound.
2:11 of 2nd period - Dylan Larkin wins face-off versus Nathan MacKinnon in Montreal Canadiens zone.
2:11 of 2nd period - Dylan Larkin is hit by Artemi Panarin.
2:23 of 2nd period - Backhand shot by Nathan MacKinnon.
2:23 of 2nd period - Stopped by David Rittich without a rebound.
2:24 of 2nd period - Dylan Larkin wins face-off versus Mathew Barzal in Montreal Canadiens zone.
2:41 of 2nd period - Backhand shot by Dylan Larkin.
2:41 of 2nd period - Deflect By Martin Necas.
2:41 of 2nd period - Stopped by Igor Shesterkin with a rebound.
3:02 of 2nd period - Snap shot by Pierre-Luc Dubois.
3:02 of 2nd period - Shot Blocked by Adam Fox.
3:16 of 2nd period - Wrist shot by Conor Garland.
3:16 of 2nd period - Stopped by David Rittich with a rebound.
3:41 of 2nd period - Wrist shot by Martin Necas.
3:41 of 2nd period - Stopped by Igor Shesterkin with a rebound.
3:51 of 2nd period - Slapshot by Evgeni Dadonov.
3:51 of 2nd period - Stopped by Igor Shesterkin without a rebound.
3:52 of 2nd period - Nathan MacKinnon wins face-off versus Christian Fischer in New York Rangers zone.
4:29 of 2nd period - Slapshot by Patrik Laine.
4:29 of 2nd period - Shot Hit the Post.
4:49 of 2nd period - Slapshot by Adam Fox.
4:49 of 2nd period - Shot Misses the Net.
4:51 of 2nd period - Slapshot by Adam Fox.
4:51 of 2nd period - Stopped by Igor Shesterkin without a rebound.
4:52 of 2nd period - Dylan Larkin wins face-off versus Nathan MacKinnon in New York Rangers zone.
4:55 of 2nd period - Wrist shot by Jonathan Marchessault.
4:55 of 2nd period - Shot Misses the Net.
5:01 of 2nd period - Adam Fox is hit by Nathan MacKinnon and loses puck.
5:06 of 2nd period - Snap shot by Nathan MacKinnon.
5:06 of 2nd period - Shot Misses the Net.
5:08 of 2nd period - Wrist shot by Artemi Panarin.
5:08 of 2nd period - Stopped by David Rittich with a rebound.
5:15 of 2nd period - Icing by Adam Fox.
5:16 of 2nd period - Dylan Larkin wins face-off versus Andre Burakovsky in Montreal Canadiens zone.
5:19 of 2nd period - Snap shot by Andre Burakovsky.
5:19 of 2nd period - Shot Misses the Net.
5:21 of 2nd period - Slapshot by Filip Chytil.
5:21 of 2nd period - Stopped by David Rittich without a rebound.
5:22 of 2nd period - Patrik Laine wins face-off versus Filip Chytil in Montreal Canadiens zone.
6:35 of 2nd period - Wrist shot by Vladislav Namestnikov.
6:35 of 2nd period - Stopped by Igor Shesterkin without a rebound.
6:36 of 2nd period - Nathan MacKinnon wins face-off versus Vladislav Namestnikov in New York Rangers zone.
6:41 of 2nd period - Snap shot by Artemi Panarin.
6:41 of 2nd period - Shot Misses the Net.
6:43 of 2nd period - Slapshot by Nathan MacKinnon.
6:43 of 2nd period - Stopped by David Rittich without a rebound.
6:44 of 2nd period - Nathan MacKinnon wins face-off versus Sidney Crosby in Montreal Canadiens zone.
7:18 of 2nd period - Snap shot by Artemi Panarin.
7:18 of 2nd period - Goal by Artemi Panarin - Montreal Canadiens : 2 - New York Rangers : 1.
7:19 of 2nd period - Sidney Crosby wins face-off versus Pierre-Luc Dubois in neutral zone.
7:24 of 2nd period - Wrist shot by Sidney Crosby.
7:24 of 2nd period - Stopped by Igor Shesterkin with a rebound.
7:26 of 2nd period - Snap shot by Adam Fox.
7:26 of 2nd period - Stopped by Igor Shesterkin without a rebound.
7:27 of 2nd period - Pierre-Luc Dubois wins face-off versus Sidney Crosby in New York Rangers zone.
7:27 of 2nd period - Pierre-Luc Dubois is hit by Filip Forsberg.
7:37 of 2nd period - Wrist shot by Mikael Granlund.
7:37 of 2nd period - Stopped by David Rittich with a rebound.
7:43 of 2nd period - Wrist shot by Pierre-Luc Dubois.
7:43 of 2nd period - Shot Misses the Net.
8:12 of 2nd period - Wrist shot by Sidney Crosby.
8:12 of 2nd period - Stopped by Igor Shesterkin with a rebound.
8:14 of 2nd period - Wrist shot by Filip Forsberg.
8:14 of 2nd period - Shot Blocked by Pierre-Luc Dubois.
8:16 of 2nd period - Slapshot by Filip Hronek.
8:16 of 2nd period - Shot Misses the Net.
8:18 of 2nd period - Slapshot by Patrik Laine.
8:18 of 2nd period - Stopped by Igor Shesterkin without a rebound.
8:19 of 2nd period - Nathan MacKinnon wins face-off versus Dylan Larkin in New York Rangers zone.
8:26 of 2nd period - Snap shot by Nathan MacKinnon.
8:26 of 2nd period - Stopped by David Rittich with a rebound.
8:37 of 2nd period - Icing by Tyler Myers.
8:38 of 2nd period - Filip Chytil wins face-off versus Dylan Larkin in Montreal Canadiens zone.
9:28 of 2nd period - Wrist shot by Pierre-Luc Dubois.
9:28 of 2nd period - Stopped by David Rittich with a rebound.
9:54 of 2nd period - Snap shot by Conor Garland.
9:54 of 2nd period - Deflect By Tyler Motte.
9:54 of 2nd period - Shot Misses the Net.
9:54 of 2nd period - Puck is out of play.
9:55 of 2nd period - Sidney Crosby wins face-off versus Nathan MacKinnon in Montreal Canadiens zone.
10:08 of 2nd period - Backhand shot by Filip Forsberg.
10:08 of 2nd period - Stopped by Igor Shesterkin with a rebound.
10:10 of 2nd period - Snap shot by Damon Severson.
10:10 of 2nd period - Stopped by Igor Shesterkin without a rebound.
10:11 of 2nd period - Pierre-Luc Dubois wins face-off versus Dylan Larkin in New York Rangers zone.
10:18 of 2nd period - Slapshot by Mikael Granlund.
10:18 of 2nd period - Shot Misses the Net.
10:35 of 2nd period - Icing by Cam Fowler.
10:36 of 2nd period - Pierre-Luc Dubois wins face-off versus Sidney Crosby in New York Rangers zone.
10:36 of 2nd period - Pierre-Luc Dubois is hit by Patrik Laine.
10:42 of 2nd period - Tyler Myers is hit by Adam Larsson and loses puck.
10:53 of 2nd period - Cam Fowler is hit by Sidney Crosby and loses puck.
11:36 of 2nd period - Snap shot by Jonathan Marchessault.
11:36 of 2nd period - Deflect By Dylan Larkin.
11:36 of 2nd period - Shot Misses the Net.
11:36 of 2nd period - Puck is out of play.
11:37 of 2nd period - Patrik Laine wins face-off versus Nathan MacKinnon in New York Rangers zone.
11:44 of 2nd period - Snap shot by Patrik Laine.
11:44 of 2nd period - Stopped by Igor Shesterkin with a rebound.
11:50 of 2nd period - Wrist shot by Patrik Laine.
11:50 of 2nd period - Deflect By Artemi Panarin.
11:50 of 2nd period - Stopped by Igor Shesterkin with a rebound.
11:52 of 2nd period - Wrist shot by Filip Forsberg.
11:52 of 2nd period - Goal by Filip Forsberg - Montreal Canadiens : 3 - New York Rangers : 1.
11:53 of 2nd period - Dylan Larkin wins face-off versus Nathan MacKinnon in neutral zone.
11:58 of 2nd period - Snap shot by Dylan Larkin.
11:58 of 2nd period - Shot Misses the Net.
12:00 of 2nd period - Wrist shot by Jonathan Marchessault.
12:00 of 2nd period - Stopped by Igor Shesterkin with a rebound.
12:02 of 2nd period - Snap shot by Jonathan Marchessault.
12:02 of 2nd period - Stopped by Igor Shesterkin without a rebound.
12:03 of 2nd period - Nathan MacKinnon wins face-off versus Dylan Larkin in New York Rangers zone.
12:21 of 2nd period - Slapshot by Filip Hronek.
12:21 of 2nd period - Shot Blocked by Artemi Panarin.
12:23 of 2nd period - Wrist shot by Dylan Larkin.
12:23 of 2nd period - Stopped by Igor Shesterkin without a rebound.
12:24 of 2nd period - Pierre-Luc Dubois wins face-off versus Sidney Crosby in New York Rangers zone.
12:35 of 2nd period - Snap shot by Patrik Laine.
12:35 of 2nd period - Shot Misses the Net.
12:58 of 2nd period - Off-side.
12:59 of 2nd period - Filip Chytil wins face-off versus Jonathan Marchessault in neutral zone.
13:02 of 2nd period - Snap shot by Andre Burakovsky.
13:02 of 2nd period - Stopped by David Rittich with a rebound.
13:08 of 2nd period - Slapshot by Adam Fox.
13:08 of 2nd period - Shot Blocked by Dmitry Kulikov.
13:10 of 2nd period - Snap shot by Adam Fox.
13:10 of 2nd period - Shot Misses the Net.
13:12 of 2nd period - Wrist shot by Martin Necas.
13:12 of 2nd period - Shot Blocked by Mark Giordano.
13:14 of 2nd period - Slapshot by Adam Fox.
13:14 of 2nd period - Stopped by Igor Shesterkin with a rebound.
13:16 of 2nd period - Snap shot by Dylan Larkin.
13:16 of 2nd period - Shot Misses the Net.
14:24 of 2nd period - Adam Larsson is hit by Vladislav Namestnikov and loses puck.
14:41 of 2nd period - Snap shot by Dylan Larkin.
14:41 of 2nd period - Stopped by Igor Shesterkin without a rebound.
14:42 of 2nd period - Dylan Larkin wins face-off versus Filip Chytil in New York Rangers zone.
14:53 of 2nd period - Slapshot by Jonathan Marchessault.
14:53 of 2nd period - Shot Misses the Net.
14:55 of 2nd period - Snap shot by Dylan Larkin.
14:55 of 2nd period - Shot Blocked by Filip Chytil.
15:15 of 2nd period - Slapshot by Evgeni Dadonov.
15:15 of 2nd period - Stopped by Igor Shesterkin without a rebound.
15:16 of 2nd period - Christian Fischer wins face-off versus Nathan MacKinnon in New York Rangers zone.
17:15 of 2nd period - Jake McCabe is hit by Patrik Laine and loses puck.
17:30 of 2nd period - Backhand shot by Tyler Motte.
17:30 of 2nd period - Deflect By Martin Necas.
17:30 of 2nd period - Stopped by David Rittich with a rebound.
18:03 of 2nd period - Off-side.
18:04 of 2nd period - Christian Fischer wins face-off versus Nathan MacKinnon in neutral zone.
18:42 of 2nd period - Snap shot by Filip Chytil.
18:42 of 2nd period - Shot Blocked by Brady Skjei.
18:44 of 2nd period - Backhand shot by Filip Chytil.
18:44 of 2nd period - Stopped by David Rittich with a rebound.
19:08 of 2nd period - Snap shot by Sidney Crosby.
19:08 of 2nd period - Shot Blocked by Adam Larsson.
19:30 of 2nd period - Cam Fowler is hit by Filip Hronek and loses puck.
19:37 of 2nd period - Filip Hronek is hit by Tyler Motte and loses puck.
Goals for this period are 1 for Montreal Canadiens vs 1 for New York Rangers.
Shots for this period are 22 for Montreal Canadiens vs 16 for New York Rangers.
3rd period
0:01 of 3rd period - Nathan MacKinnon wins face-off versus Sidney Crosby in neutral zone.
0:04 of 3rd period - Sidney Crosby is hit by Mark Giordano and loses puck.
0:27 of 3rd period - Slapshot by Jonathan Marchessault.
0:27 of 3rd period - Shot Misses the Net.
0:35 of 3rd period - Slapshot by Cole Caufield.
0:35 of 3rd period - Shot Misses the Net.
0:37 of 3rd period - Snap shot by Pierre-Luc Dubois.
0:37 of 3rd period - Shot Blocked by Dylan Larkin.
0:39 of 3rd period - Slapshot by Mark Giordano.
0:39 of 3rd period - Shot Blocked by Tyler Myers.
0:49 of 3rd period - Jake McCabe is hit by Tyson Jost and loses puck.
1:09 of 3rd period - Minor Penalty to Jack Johnson for High sticking.
1:10 of 3rd period - Mikael Granlund wins face-off versus Jake Evans in Montreal Canadiens zone.
1:24 of 3rd period - Snap shot by Gabriel Landeskog.
1:24 of 3rd period - Stopped by David Rittich with a rebound.
1:26 of 3rd period - Wrist shot by Gabriel Landeskog.
1:26 of 3rd period - Shot Misses the Net.
1:44 of 3rd period - Wrist shot by Pierre-Luc Dubois.
1:44 of 3rd period - Shot Blocked by Adam Fox.
1:46 of 3rd period - Slapshot by Andre Burakovsky.
1:46 of 3rd period - Goal by Andre Burakovsky - Montreal Canadiens : 3 - New York Rangers : 2.
1:47 of 3rd period - Nathan MacKinnon wins face-off versus Sidney Crosby in neutral zone.
2:14 of 3rd period - Martin Necas is hit by Pierre-Luc Dubois and loses puck.
2:35 of 3rd period - Snap shot by Conor Garland.
2:35 of 3rd period - Shot Misses the Net.
2:37 of 3rd period - Slapshot by Tyler Motte.
2:37 of 3rd period - Shot Misses the Net.
2:39 of 3rd period - Snap shot by Conor Garland.
2:39 of 3rd period - Stopped by David Rittich with a rebound.
2:47 of 3rd period - Slapshot by Adam Fox.
2:47 of 3rd period - Stopped by Igor Shesterkin without a rebound.
2:48 of 3rd period - Nathan MacKinnon wins face-off versus Sidney Crosby in New York Rangers zone.
3:39 of 3rd period - Wrist shot by Vladislav Namestnikov.
3:39 of 3rd period - Deflect By Tomas Nosek.
3:39 of 3rd period - Shot Misses the Net.
3:39 of 3rd period - Puck is out of play.
3:40 of 3rd period - Andre Burakovsky wins face-off versus Sidney Crosby in New York Rangers zone.
3:57 of 3rd period - Wrist shot by Patrik Laine.
3:57 of 3rd period - Stopped by Igor Shesterkin with a rebound.
4:07 of 3rd period - Jonathan Marchessault is hit by Dmitry Kulikov and loses puck.
4:36 of 3rd period - Slapshot by Mikael Granlund.
4:36 of 3rd period - Stopped by David Rittich with a rebound.
4:38 of 3rd period - Wrist shot by Mikael Granlund.
4:38 of 3rd period - Shot Misses the Net.
4:44 of 3rd period - Minor Penalty to Filip Hronek for Hooking.
4:45 of 3rd period - Dylan Larkin wins face-off versus Mikael Granlund in Montreal Canadiens zone.
5:16 of 3rd period - Icing by Pierre-Luc Dubois.
5:17 of 3rd period - Artemi Panarin wins face-off versus Jake Evans in New York Rangers zone.
5:46 of 3rd period - Slapshot by Mathew Barzal.
5:46 of 3rd period - Deflect By Artemi Panarin.
5:46 of 3rd period - Shot Misses the Net.
5:46 of 3rd period - Puck is out of play.
5:47 of 3rd period - Mikael Granlund wins face-off versus Dylan Larkin in Montreal Canadiens zone.
6:44 of 3rd period - Penalty to Filip Hronek is over, Filip Hronek is back on ice.
6:58 of 3rd period - Wrist shot by Adam Fox.
6:58 of 3rd period - Stopped by Igor Shesterkin with a rebound.
7:00 of 3rd period - Snap shot by Patrik Laine.
7:00 of 3rd period - Goal by Patrik Laine - Montreal Canadiens : 4 - New York Rangers : 2.
7:01 of 3rd period - Sidney Crosby wins face-off versus Nathan MacKinnon in neutral zone.
7:04 of 3rd period - Slapshot by Filip Forsberg.
7:04 of 3rd period - Shot Blocked by Dmitry Kulikov.
7:33 of 3rd period - Jonathan Marchessault is hit by Pierre-Luc Dubois and loses puck.
7:47 of 3rd period - Off-side.
7:48 of 3rd period - Christian Fischer wins face-off versus Filip Chytil in neutral zone.
8:03 of 3rd period - Snap shot by Evgeni Dadonov.
8:03 of 3rd period - Shot Misses the Net.
8:19 of 3rd period - Wrist shot by Mathew Barzal.
8:19 of 3rd period - Shot Misses the Net.
9:04 of 3rd period - Snap shot by Vladislav Namestnikov.
9:04 of 3rd period - Shot Misses the Net.
9:06 of 3rd period - Snap shot by Jack Johnson.
9:06 of 3rd period - Stopped by Igor Shesterkin without a rebound.
9:07 of 3rd period - Sidney Crosby wins face-off versus Nathan MacKinnon in New York Rangers zone.
9:24 of 3rd period - Brady Skjei is hit by Jake McCabe and loses puck.
9:32 of 3rd period - Icing by Tyler Myers.
9:33 of 3rd period - Pierre-Luc Dubois wins face-off versus Dylan Larkin in Montreal Canadiens zone.
9:46 of 3rd period - Slapshot by Pierre-Luc Dubois.
9:46 of 3rd period - Shot Misses the Net.
9:50 of 3rd period - Snap shot by Mikael Granlund.
9:50 of 3rd period - Stopped by David Rittich without a rebound.
9:51 of 3rd period - Sidney Crosby wins face-off versus Nathan MacKinnon in Montreal Canadiens zone.
9:51 of 3rd period - Sidney Crosby is hit by Matthew Benning.
9:59 of 3rd period - Slapshot by Filip Hronek.
9:59 of 3rd period - Shot Misses the Net.
10:06 of 3rd period - Minor Penalty to Filip Forsberg for Tripping.
10:07 of 3rd period - Dylan Larkin wins face-off versus Gabriel Landeskog in Montreal Canadiens zone.
10:33 of 3rd period - Mathew Barzal is hit by Brady Skjei and loses puck.
10:44 of 3rd period - Wrist shot by Artemi Panarin.
10:44 of 3rd period - Deflect By Nathan MacKinnon.
10:44 of 3rd period - Stopped by David Rittich with a rebound.
11:08 of 3rd period - Sidney Crosby is hit by Nathan MacKinnon and loses puck.
12:06 of 3rd period - Penalty to Filip Forsberg is over, Filip Forsberg is back on ice.
12:09 of 3rd period - Icing by Filip Forsberg.
12:10 of 3rd period - Jake Evans wins face-off versus Filip Chytil in Montreal Canadiens zone.
12:24 of 3rd period - Wrist shot by Jake Evans.
12:24 of 3rd period - Shot Blocked by Matthew Benning.
12:26 of 3rd period - Wrist shot by Filip Forsberg.
12:26 of 3rd period - Shot Misses the Net.
12:28 of 3rd period - Wrist shot by Christian Fischer.
12:28 of 3rd period - Stopped by Igor Shesterkin without a rebound.
12:29 of 3rd period - Dylan Larkin wins face-off versus David Kampf in New York Rangers zone.
12:54 of 3rd period - Mikael Granlund is hit by Sidney Crosby and loses puck.
13:03 of 3rd period - Snap shot by Mark Giordano.
13:03 of 3rd period - Shot Misses the Net.
13:19 of 3rd period - Backhand shot by Gabriel Landeskog.
13:19 of 3rd period - Stopped by David Rittich with a rebound.
13:21 of 3rd period - Slapshot by Andre Burakovsky.
13:21 of 3rd period - Shot Blocked by Damon Severson.
13:37 of 3rd period - Wrist shot by Vladislav Namestnikov.
13:37 of 3rd period - Deflect By Jake Evans.
13:37 of 3rd period - Shot Misses the Net.
13:37 of 3rd period - Puck is out of play.
13:38 of 3rd period - Nathan MacKinnon wins face-off versus Vladislav Namestnikov in New York Rangers zone.
13:49 of 3rd period - Snap shot by Artemi Panarin.
13:49 of 3rd period - Shot Blocked by Tyler Myers.
13:53 of 3rd period - Wrist shot by Mathew Barzal.
13:53 of 3rd period - Shot Misses the Net.
14:07 of 3rd period - Artemi Panarin is hit by Jake Evans and loses puck.
14:16 of 3rd period - Slapshot by Adam Larsson.
14:16 of 3rd period - Deflect By Mathew Barzal.
14:16 of 3rd period - Shot Misses the Net.
14:16 of 3rd period - Puck is out of play.
14:17 of 3rd period - Pierre-Luc Dubois wins face-off versus Sidney Crosby in Montreal Canadiens zone.
14:18 of 3rd period - Wrist shot by Mikael Granlund.
14:18 of 3rd period - Deflect By Cole Caufield.
14:18 of 3rd period - Shot Blocked by Adam Fox.
14:18 of 3rd period - Puck is out of play.
14:19 of 3rd period - Pierre-Luc Dubois wins face-off versus Sidney Crosby in Montreal Canadiens zone.
15:08 of 3rd period - Snap shot by Filip Forsberg.
15:08 of 3rd period - Stopped by Igor Shesterkin without a rebound.
15:09 of 3rd period - Christian Fischer wins face-off versus Filip Chytil in New York Rangers zone.
15:34 of 3rd period - Brady Skjei is hit by Matthew Benning.
15:56 of 3rd period - Wrist shot by Vladislav Namestnikov.
15:56 of 3rd period - Goal by Vladislav Namestnikov - Montreal Canadiens : 5 - New York Rangers : 2.
15:57 of 3rd period - Sidney Crosby wins face-off versus Nathan MacKinnon in neutral zone.
16:19 of 3rd period - Minor Penalty to Filip Hronek for Boarding.
16:20 of 3rd period - Dylan Larkin wins face-off versus Mikael Granlund in Montreal Canadiens zone.
16:52 of 3rd period - Slapshot by Artemi Panarin.
16:52 of 3rd period - Goal by Artemi Panarin - Montreal Canadiens : 5 - New York Rangers : 3.
16:53 of 3rd period - Andre Burakovsky wins face-off versus Evgeni Dadonov in neutral zone.
16:56 of 3rd period - Tyson Jost is hit by Filip Chytil and loses puck.
17:11 of 3rd period - Cam Fowler is hit by Evgeni Dadonov and loses puck.
17:24 of 3rd period - Snap shot by Dylan Larkin.
17:24 of 3rd period - Stopped by Igor Shesterkin with a rebound.
17:27 of 3rd period - Icing by Gabriel Landeskog.
17:28 of 3rd period - Dylan Larkin wins face-off versus Filip Chytil in New York Rangers zone.
17:35 of 3rd period - Slapshot by Cam Fowler.
17:35 of 3rd period - Stopped by David Rittich with a rebound.
17:37 of 3rd period - Slapshot by Filip Chytil.
17:37 of 3rd period - Stopped by David Rittich with a rebound.
17:39 of 3rd period - Snap shot by Gabriel Landeskog.
17:39 of 3rd period - Stopped by David Rittich with a rebound.
17:41 of 3rd period - Slapshot by Cam Fowler.
17:41 of 3rd period - Shot Misses the Net.
17:43 of 3rd period - Snap shot by Andre Burakovsky.
17:43 of 3rd period - Stopped by David Rittich without a rebound.
17:44 of 3rd period - Christian Fischer wins face-off versus David Kampf in Montreal Canadiens zone.
19:25 of 3rd period - Snap shot by Pierre-Luc Dubois.
19:25 of 3rd period - Shot Blocked by Brady Skjei.
Goals for this period are 2 for Montreal Canadiens vs 2 for New York Rangers.
Shots for this period are 9 for Montreal Canadiens vs 12 for New York Rangers.
Back to the Top